 Dungeon Crawl Stone Soup version 0.28.0-1-gb440e238dd (webtiles) character file.

Game seed: 668529923551420348

109 spaghetti the Ruffian (level 4, 0/35 HPs)
             Began as a Demonspawn Fighter on Feb 20, 2022.
             Slain by an orc wizard (3 damage)
             ... on level 3 of the Dungeon.
             The game lasted 00:02:05 (2703 turns).

spaghetti the Ruffian (Demonspawn Fighter)          Turns: 2703, Time: 00:02:06

Health: 0/35       AC:  6    Str: 18    XL:     4   Next: 59%
Magic:  4/4        EV:  9    Int: 10    God:
Gold:   112        SH:  0    Dex: 14    Spells: 3/3 levels left

rFire   . . .      SeeInvis .     - Unarmed
rCold   . . .      Faith    .   b - +0 buckler
rNeg    . . .      Spirit   .   a - +0 scale mail
rPois   .          Reflect  .   (no helmet)
rElec   .          Harm     .   (no cloak)
rCorr   .          Rampage  .   (no gloves)
Will    .....                   (no boots)
Stlth   ..........              (no amulet)
HPRegen 0.11/turn               (no ring)
MPRegen 0.09/turn               (no ring)

@: confused
A: thin skeletal structure 1, powered by pain 2
a: no special abilities


You were on level 3 of the Dungeon.
You visited 1 branch of the dungeon, and saw 3 of its levels.

You collected 112 gold pieces.

Inventory:

Armour
 a - a +0 scale mail (worn)
 b - a +0 buckler (worn)
Jewellery
 f - a ring of magical power
Scrolls
 d - a scroll of amnesia
 e - 2 scrolls of identify


   Skills:
 - Level 3.0 Fighting
 - Level 2.6 Armour
 - Level 2.6 Shields
 + Level 4.4 Unarmed Combat


You had 3 spell levels left.
You didn't know any spells.
Your spell library contained the following spells:

 Spells                   Type           Power      Damage    Failure   Level
 Gell's Gravitas          Tloc           0%         N/A       99%         3
 Lesser Beckoning         Tloc           0%         N/A       99%         3
 Teleport Other           Tloc           0%         N/A       99%         3


Dungeon Overview and Level Annotations

Branches:
Dungeon (3/15)

Altars:


Innate Abilities, Weirdness & Mutations

You have a somewhat thin skeletal structure. (Dex +2, Stealth+)
You sometimes gain power by taking damage.


Message History

The orc wizard mumbles some strange words.
The orc wizard flickers and vanishes!
Deactivating autopickup; reactivate with Ctrl-A.
You closely miss something. You hit something.
You hear some strange, mumbled words.
A magic dart appears from out of thin air!
The magic dart hits you.
* * * LOW HITPOINT WARNING * * *
You miss something.
You hear some strange, mumbled words.
You are confused.
You are too confused!
You aren't carrying any potions.
You are too confused!
You're too confused to move!
Something hits you but does no damage.
You bump into the rock wall.
Something hits you.
* * * LOW HITPOINT WARNING * * *
You bump into the rock wall.
Something hits you.
* * * LOW HITPOINT WARNING * * *
You're too confused to move!
Something hits you but does no damage.
You closely miss something. Something hits you.
* * * LOW HITPOINT WARNING * * *
You bump into the rock wall.
Something hits you but does no damage.
You bump into the rock wall.
You feel less confused. Something hits you but does no damage.
You miss something. Something hits you.
* * * LOW HITPOINT WARNING * * *
You miss something. Something hits you.
* * * LOW HITPOINT WARNING * * *
You miss something.
You hear some strange, mumbled words.
You are confused.
You aren't carrying any potions.
You are too confused!
You barely miss something. Something hits you but does no damage.
You miss something. Something hits you but does no damage.
You bump into the rock wall.
Something hits you.
You die...

##########.###.#
#.......†....#.#
#.########.#.#.# #
#.#........#.#.#
#.#.#.#......#.#.#
#.#.#.##.###.#.#.# #
#.....##.# #.#...#
###.###)####.#
#.##### #...{@).# #.#
#.#.... #########
#.###.#.##.
#.#...#.##.
#.#'###.##.
#.......##.
#.......##.
###########....<..#..
#)...#...#........#..
#..#...#.#.#...#..#.#


There were no monsters in sight!

Vanquished Creatures
  An orc wizard (D:3)
  2 adders
  4 dart slugs
  4 orcs (D:3)
  4 bats
  4 endoplasms
  4 goblins
  3 hobgoblins
  8 jackals
  6 kobolds
  3 quokkas
  A ball python (D:1)
  A frilled lizard (D:2)
  5 rats
50 creatures vanquished.

Notes
Turn   | Place    | Note
-------+----------+-------------------------------------------
     0 | D:1      | spaghetti the Demonspawn Fighter began the quest for the
                  | Orb.
     0 | D:1      | Reached XP level 1. HP: 18/18 MP: 1/1
    53 | D:1      | Reached skill level 2 in Unarmed Combat
   149 | D:1      | Gained mutation: You have a somewhat thin skeletal
                  | structure. (Dex +2, Stealth+) [demonic ancestry]
   149 | D:1      | Reached XP level 2. HP: 19/24 MP: 2/2
   646 | D:1      | You fall into a shaft and drop 1 floor!
   655 | D:2      | Reached skill level 3 in Unarmed Combat
   729 | D:2      | Gained mutation: You sometimes gain a little power by
                  | taking damage. [demonic ancestry]
   729 | D:2      | Reached XP level 3. HP: 7/29 MP: 3/3
  2513 | D:3      | Gained mutation: You sometimes gain power by taking damage.
                  | [demonic ancestry]
  2513 | D:3      | Reached XP level 4. HP: 35/35 MP: 4/4
  2527 | D:3      | Reached skill level 4 in Unarmed Combat
  2703 | D:3      | Slain by an orc wizard

Illustrated notes

Levels and vault maps discovered:
D:1:      sevenhm_arrival_forest_fort_large_3, layout_loops_ring,
          shapermc_ecumenical_altar_petra, serial_park_tiny_pond
D:2:      layout_basic
D:3:      layout_basic, minmay_fractal_squares_diagonal_5, uniq_terence

Skill      XL: |  1  2  3  4 |
---------------+-------------+-----
Unarmed Combat | 2 3 4 |  4.4
Fighting       | |  3.0
Armour         | |  2.6
Shields        | |  2.6

Action                   |  1- 3 |  4- 6 || total
-------------------------+-------+-------++-------
Melee: Unarmed           |   192 |    48 ||   240
  Use: Scroll            |     5 |       ||     5
       Potion            |       |     1 ||     1
 Stab: Sleeping          |     1 |       ||     1
Armor: Scale mail        |    82 |    15 ||    97
Dodge: Dodged            |    82 |    10 ||    92
Block: Buckler           |    35 |     3 ||    38
